 Dungeon Crawl Stone Soup version 0.31-a0-66-ge618eeaa78 (webtiles) character file.

Game seed: 13513524048389736684

912 funkygono the Chopper (level 7, -2/61 HPs)
             Began as a Minotaur Fighter on May 22, 2023.
             Was a Follower of Okawaru.
             Slain by a water moccasin (6 damage)
             ... on level 3 of the Dungeon.
             The game lasted 00:04:41 (3006 turns).

funkygono the Chopper (Minotaur Fighter)            Turns: 3006, Time: 00:04:42

Health: -2/61      AC: 10    Str: 22    XL:     7   Next: 82%
Magic:  6/6        EV:  8    Int:  5    God:    Okawaru [*.....]
Gold:   222        SH:  5    Dex: 10    Spells: 6/6 levels left

rFire   . . .        a - +0 war axe
rCold   . . .        c - +0 buckler
rNeg    . . .        t - +0 chain mail
rPois   .            (helmet restricted)
rElec   .            g - scarf {repulsion}
rCorr   .            (no gloves)
SInv    .            (no boots)
Will    .....        (no amulet) Stlth
                     (no ring)
HPRegen 0.30/turn    (no ring)
MPRegen 0.10/turn

%: repel missiles
@: no status effects
A: horns 2, retaliatory headbutt
a: Renounce Religion, Heroism


You were on level 3 of the Dungeon.
You worshipped Okawaru.
Okawaru was aware of your devotion.
You visited 1 branch of the dungeon, and saw 4 of its levels.

You collected 222 gold pieces.

Inventory:

Hand Weapons
 a - a +0 war axe (weapon)
Armour
 c - a +0 buckler (worn)
 g - a scarf of repulsion (worn)
 t - a +0 chain mail (worn)
Jewellery
 n - a ring of fire
Wands
 l - a wand of polymorph (4)
Scrolls
 b - a scroll of summoning {unknown}
 f - 2 scrolls of noise {unknown}
 i - 7 scrolls of teleportation {unknown}
 j - a scroll of immolation {unknown}
 k - 4 scrolls of identify {unknown}
 m - a scroll of blinking {unknown}
 o - a scroll of enchant weapon {unknown}
 s - a scroll of fear {unknown}
Potions
 d - 2 potions of might
 e - 4 potions of curing
 h - 3 potions of heal wounds {unknown}
 p - a potion of attraction {unknown}
 q - a potion of haste {unknown}
 r - a potion of berserk rage {unknown}


   Skills:
 + Level 5.3 Fighting
 + Level 7.1 Axes
 + Level 6.5 Armour
 + Level 2.0 Dodging
 + Level 0.9 Stealth
 + Level 5.2 Shields


You had 6 spell levels left.
You didn't know any spells.
Your spell library contained the following spells:

 Spells                   Type           Power      Damage    Failure   Level
 Freeze                   Ice            0%         1d3       98%         1
 Ensorcelled Hibernation  Hex/Ice        0%         N/A       99%         2
 Passwall                 Tmut/Erth      0%         N/A       99%         2
 Frozen Ramparts          Ice            0%         1d1       100%        3
 Hailstorm                Conj/Ice       0%         3d3       100%        3
 Stone Arrow              Conj/Erth      0%         3d7       100%        3
 Swiftness                Air            0%         N/A       100%        3
 Borgnjor's Revivificati  Necr           0%         N/A       100%        8
 Lehudib's Crystal Spear  Conj/Erth      0%         10d2      100%        8
 Necromutation            Tmut/Necr      0%         N/A       100%        8
 Death's Door             Necr           0%         N/A       100%        9
 Animate Armour           Summ/Erth      Unusable   N/A       N/A         4

Dungeon Overview and Level Annotations

Branches:
Dungeon (4/15)
 Temple: D:4-7

Altars:
Cheibriados
Okawaru
Vehumet
Wu Jian

Shops:
D:3 [

Annotations:
D:4 Natasha


Innate Abilities, Weirdness & Mutations

You have a pair of horns on your head.
You reflexively headbutt those who attack you in melee.


Message History

You closely miss the black bear.
The black bear is almost dead.
The black bear goes berserk!
You block the gnoll's attack. The black bear barely misses you.
You block the black bear's attack. The black bear claws you.
Natasha mumbles some strange words.
The black bear attacks as you move away!
The black bear bites you but does no damage.
You block the black bear's attack. x2
Your attacks no longer feel as feeble.
The black bear closely misses you.
The black bear claws you but does no damage. x2
The black bear attacks as you move away!
The black bear bites you! The black bear misses you.
The black bear claws you but does no damage.
The black bear bites you!
* * * LOW HITPOINT WARNING * * *
The black bear claws you but does no damage.
You block the black bear's attack.
The cerulean imp hits you but does no damage.
There is a stone staircase leading up here.
The water moccasin closely misses you. You furiously retaliate!
You headbutt the water moccasin. The black bear bites you.
* * * LOW HITPOINT WARNING * * *
The black bear claws you.
* * * LOW HITPOINT WARNING * * *
The black bear claws you but does no damage.
The cerulean imp hits you but does no damage.
The water moccasin barely misses you.
You climb upwards.
There is a stone staircase leading down here.
You barely miss the black bear.
The black bear is almost dead.
You barely miss the water moccasin. The black bear bites you.
* * * LOW HITPOINT WARNING * * *
The black bear claws you.
* * * LOW HITPOINT WARNING * * *
The black bear claws you but does no damage.
The water moccasin bites you.
You die...

####
#.###.#####.###.#####..###
#.....# #..)>...........
###.### #####.#####..###
#.# #######.#......# #.#
#........#.##.## #.#
#.###...###...# #.#
#.###.##.#.####
#.#####S##...##.##
#......@h..#....#
#######.#<...####
################.#.####
......................#
#.#####.########.####.##
#.####...........####..#
.......................#
.####.._..####..♣♣♣♣...#
......................##


You could see a water moccasin and a black bear (berserk).

Vanquished Creatures
  Pikel (D:4)
  Sigmund (D:3)
  4 lemures (D:3)
  2 hounds
  6 gnolls
  7 adders
  An ufetubus (D:4)
  2 worms (D:2)
  6 dart slugs
  6 orcs
  3 endoplasms
  A giant cockroach (D:4)
  12 goblins
  9 hobgoblins
  3 jackals (D:2)
  6 kobolds
  2 quokkas (D:1)
  6 ball pythons
  4 bats
  2 frilled lizards
  8 rats
92 creatures vanquished.

Notes
Turn   | Place    | Note
-------+----------+-------------------------------------------
     0 | D:1      | funkygono the Minotaur Fighter began the quest for the Orb.
     0 | D:1      | Reached XP level 1. HP: 19/19 MP: 0/0
   178 | D:1      | Reached XP level 2. HP: 27/27 MP: 1/1
   995 | D:2      | Reached XP level 3. HP: 33/33 MP: 2/2
  1126 | D:2      | Reached skill level 3 in Axes
  1126 | D:2      | Reached XP level 4. HP: 36/40 MP: 3/3
  1227 | D:2      | Reached skill level 4 in Axes
  1502 | D:3      | Reached XP level 5. HP: 47/47 MP: 4/4
  1693 | D:3      | Found a radiant altar of Vehumet.
  1693 | D:3      | Found an ornate altar of the Wu Jian Council.
  1693 | D:3      | Found a snail-covered altar of Cheibriados.
  1693 | D:3      | Noticed Sigmund
  1708 | D:3      | Killed Sigmund
  1709 | D:3      | Reached skill level 5 in Axes
  1709 | D:3      | Reached skill level 5 in Armour
  1709 | D:3      | Reached skill level 1 in Dodging
  1709 | D:3      | Reached XP level 6. HP: 37/53 MP: 5/5
  1788 | D:3      | Noticed an animated crystal plate armour
  1790 | D:3      | Found Eclye's Armour Boutique.
  1792 | D:3      | Noticed an animated storm dragon scales
  2027 | D:3      | Found an iron altar of Okawaru.
  2036 | D:3      | Became a worshipper of Warmaster Okawaru
  2342 | D:4      | Noticed Pikel
  2619 | D:4      | Killed Pikel
  2619 | D:4      | Reached * piety under Okawaru
  2620 | D:4      | Reached skill level 5 in Fighting
  2620 | D:4      | Reached skill level 6 in Axes
  2620 | D:4      | Reached skill level 5 in Shields
  2620 | D:4      | Reached XP level 7. HP: 26/61 MP: 6/6
  2854 | D:4      | Reached skill level 7 in Axes
  2981 | D:4      | Noticed Natasha
  3006 | D:3      | Slain by a water moccasin

Illustrated notes

Levels and vault maps discovered:
D:1:      wander_arrival_lonely_grave, layout_basic
D:2:      layout_basic
D:3:      layout_loops_ring, mainiacjoe_overflow_boulevard,
          gammafunk_temple_overflow_forgotten, serial_shops,
          nicolae_shop_mannequins, minmay_misc_feat_nine_boxes, uniq_sigmund
D:4:      layout_gridville, uniq_blork_the_orc, uniq_natasha, uniq_pikel

Skill      XL: |  1  2  3  4  5  6  7 |
---------------+----------------------+-----
Armour         | 4 5 6 |  6.5
Shields        | 4 5 |  5.2
Fighting       | 4 5 |  5.3
Axes           | 3 4 5 6 7 |  7.1
Dodging        | 1 2 |  2.0
Stealth        | |  0.9

Action                     |  1- 3 |  4- 6 |  7- 9 || total
---------------------------+-------+-------+-------++-------
  Melee: War axe           |    80 |   134 |    29 ||   243
         Headbutt          |    10 |    22 |     2 ||    34
 Armour: Scale mail        |    40 |    44 |       ||    84
         Chain mail        |       |       |    34 ||    34
  Dodge: Dodged            |    34 |    66 |    32 ||   132
         Repelled          |       |     2 |       ||     2
  Block: Buckler           |    13 |    34 |    12 ||    59

Table legend: (Time is in decaauts)
 A = Elapsed time spent in this place.
 B = Non-inter-level travel time spent in this place.
 C = Inter-level travel time spent in this place.
 D = Time resting spent in this place.
 E = Time spent auto-exploring this place.
 F = Levels seen in this place.
 G = Mean time per level.
                   A        B        C        D        E       F      G
               +--------+--------+--------+--------+--------+-----+--------+
         Total |   3087 |   3039 |     48 |      0 |   2312 |   4 |  771.8 |
       Dungeon |   3087 |   3039 |     48 |      0 |   2312 |   4 |  771.8 |
               +--------+--------+--------+--------+--------+-----+--------+

Top non-repeatable levels by time:
     D:3: 1179 daAuts
     D:1: 770 daAuts
     D:2: 722 daAuts
     D:4: 414 daAuts
